AoeStats
← [ KOF ] M. Kowalski

Nomad

503290085Analyzed
2v2 RM · 1mo ago on Aug 31, 2026· 35m 8s· 4 players
Game mode
Random Map
Map size
176×176
Population
200
Speed
Normal
Resources
Standard
Victory
Conquest
Starting age
Dark Age
Ending age
Imperial Age
RankedLock teamsTeams togetherTeam positionsShared explorationLock speedFull tech treeHidden civsTurbo modeCheats
Victory
Defeat
🇨🇷 Chinese · Costa Rica
1663
+5
🇺🇸 Malay · United States
1136
+26
🇲🇽 Khitans · Mexico
1412
-17
🇦🇷 Japanese · Argentina
1356
-14
~KOF~Legonas
4:27 Loom
12:31 Feudal Age
13:34 Double-Bit Axe
21:00 Castle Age
21:47 Husbandry
22:15 Scale Barding Armor
25:30 Forging
[ KOF ] M. Kowalski
5:00 Loom
16:23 Feudal Age
17:46 Town Watch
19:20 Man-at-Arms
22:04 Forging
23:27 Arson
26:19 Castle Age
25:06 Stone Mining
26:48 Wheelbarrow
27:32 Long Swordsman
28:26 Scale Mail Armor
29:02 Double-Bit Axe
31:16 Chain Mail Armor
33:01 Iron Casting
33:39 Fletching
CR | NamelessGuy
3:02 Loom
13:23 Feudal Age
13:59 Double-Bit Axe
15:11 Fletching
19:31 Scale Mail Armor
20:18 Forging
26:09 Castle Age
25:52 Scale Barding Armor
29:37 Husbandry
Cactus Lady
3:51 Loom
16:10 Feudal Age
24:33 Castle Age
27:40 Forging
Connection lost

Rejoining the realm…

Still unreachable

The connection could not be restored.

Session expired

The server has moved on; the page needs a fresh start.